 Dungeon Crawl Stone Soup version 0.31-a0-163-gb40cd77e26 (webtiles) character file.

Game seed: 16568311284378464411

325 qw the Chopper (level 6, -2/38 HPs)
             Began as a Gargoyle Fighter on June 12, 2023.
             Slain by an orc
             ... wielding a +0 falchion
              (5 damage)
             ... on level 5 of the Dungeon.
             The game lasted 00:01:18 (3433 turns).

qw the Chopper (Gargoyle Fighter)                   Turns: 3433, Time: 00:01:19

Health: -2/38      AC: 17    Str: 22    XL:     6   Next: 48%
Magic:  6/6        EV:  8    Int:  8    God:
Gold:   127        SH:  4    Dex:  9    Spells: 5/5 levels left

rFire   . . .        Y - +0 war axe
rCold   . . .        c - +0 buckler
rNeg    + . .        a - +0 chain mail
rPois   inf          (no helmet)
rElec   +            m - +0 cloak
rCorr   .            (no gloves)
SInv    .            f - +2 pair of boots
Will    .....        (no amulet) Stlth
                     (no ring)
HPRegen 0.26/turn    (no ring)
MPRegen 0.10/turn

%: no passive effects
@: no status effects
A: sickness immunity, AC +4, negative energy resistance 1, electricity
resistance, torment resistance 1, petrification resistance
a: no special abilities


You were on level 5 of the Dungeon.
You visited 1 branch of the dungeon, and saw 5 of its levels.

You collected 235 gold pieces.
You spent 108 gold pieces at shops.


Innate Abilities, Weirdness & Mutations

You are immune to sickness and miasma.
Your stone body is resilient. (AC +4)
You are immune to poison.
You resist negative energy. (rN+)
You are resistant to electric shocks. (rElec)
You are resistant to unholy torment.
You are immune to petrification.


   Skills:
 - Level 4.1 Fighting
 + Level 5.3 Axes
 - Level 1.0 Throwing
 - Level 3.2 Armour
 - Level 1.1 Dodging
 - Level 3.2 Shields


You had 5 spell levels left.
You didn't know any spells.
Your spell library was empty.

Inventory:

Hand Weapons
 l - a +0 flail
 Y - a +0 war axe (weapon)
Missiles
 j - a javelin (quivered)
Armour
 a - a +0 chain mail (worn)
 c - a +0 buckler (worn)
 f - a +2 pair of boots (worn)
 m - a +0 cloak (worn)
Scrolls
 g - a scroll of identify
Potions
 d - 2 potions of might
 h - a potion of haste {unknown}
 i - 8 potions of curing
 k - a potion of attraction

Dungeon Overview and Level Annotations

Branches:
Dungeon (5/15)
 Temple: D:4-7

Altars:
Cheibriados
Vehumet
Yredelemnul
Zin

Shops:
D:2 !

Annotations:
D:3 1 runed translucent door, qw's ghost, weakling MiHu
D:4 1 runed translucent door, qw's ghost, amateur GrFi


Message History

You barely miss the adder.
The adder is almost dead.
The adder bites you but does no damage.
You slash the adder!
You kill the adder!
You see here a wand of iceblast (7).
j - a javelin You feel a little less clever now.
You open the door.
An orc warrior and 2 orcs come into view.
The orc warrior shouts!
The orc shouts! x2
The orc warrior hits you from afar with a +0 halberd!
Found a kite shield.
The orc warrior barely misses you. The orc hits you but does no damage.
There is an open door here.
You closely miss the orc warrior. You barely miss the orc.
The orc hits you but does no damage.
The orc warrior hits you with a +0 halberd!
You hit the orc warrior.
The orc warrior is lightly wounded.
You hit the orc. The orc hits you but does no damage.
The orc warrior hits you with a +0 halberd!
The orc barely misses you.
The orc warrior hits you but does no damage.
You hit the orc.
The orc is severely wounded.
You closely miss the orc warrior. The orc closely misses you.
The orc warrior hits you with a +0 halberd.
You closely miss the orc.
The orc is severely wounded.
You completely miss the orc warrior.
The orc warrior hits you with a +0 halberd.
The orc hits you but does no damage.
You barely miss the orc.
The orc is severely wounded.
You barely miss the orc warrior. The orc hits you with a +0 falchion.
You die...

#.......
.......
#.....#
##.....#
#[.....#
#.....o#
#...oo#
######@#
#......# #
#......# .##
##.....# ...#
##.....##....#
#......<.....#
#.../........#
#............#
#............#


You could see an orc warrior and 2 orcs.

Vanquished Creatures
  A phantom (D:4)
  An orc priest (D:4)
  2 hounds (D:4)
  An iguana (D:4)
  6 adders
  An ufetubus (D:4)
  A dart slug (D:2)
  3 orcs (D:4)
  6 ball pythons
  10 endoplasms
  7 goblins
  8 hobgoblins
  3 jackals (D:1)
  4 quokkas
  3 bats
  A frilled lizard (D:3)
  7 kobolds
  4 rats
69 creatures vanquished.

Notes
Turn   | Place    | Note
-------+----------+-------------------------------------------
     0 | D:1      | qw the Gargoyle Fighter began the quest for the Orb.
     0 | D:1      | Reached XP level 1. HP: 14/14 MP: 1/1
     0 | D:1      | 0 ||| qw: Version: 0.2-a-29-gc1b59c4
     0 | D:1      | 0 ||| qw: Game counter: 4435
     0 | D:1      | 0 ||| qw: Always use a shield: true
     0 | D:1      | 0 ||| qw: God list: Okawaru
     0 | D:1      | 0 ||| qw: Allow faded altars: false
     0 | D:1      | 0 ||| qw: Do Orc after D:15 true
     0 | D:1      | 0 ||| qw: Do second Lair branch before Depths: true
     0 | D:1      | 0 ||| qw: Lair rune preference: random
     0 | D:1      | 0 ||| qw: Plans: Normal, Zot:1-4, Slime:5, God:TSO, Crypt,
                  | Tomb, Abyss, Pan, Hells, Win
     0 | D:1      | 0 ||| PLANNING D:1-11
    38 | D:1      | 38 ||| Stepping ~*~*~tactically~*~*~ (stealth).
    46 | D:1      | Reached skill level 2 in Axes
    50 | D:1      | 50 ||| Stepping ~*~*~tactically~*~*~ (stealth).
   123 | D:1      | 123 ||| Stepping ~*~*~tactically~*~*~ (stealth).
   124 | D:1      | 124 ||| Stepping ~*~*~tactically~*~*~ (stealth).
   133 | D:1      | Reached XP level 2. HP: 19/19 MP: 2/2
   272 | D:1      | 272 ||| Stepping ~*~*~tactically~*~*~ (stealth).
   453 | D:1      | Reached skill level 3 in Axes
   499 | D:1      | Found a faded altar of an unknown god.
   499 | D:1      | Noticed a Hell Sentinel
   706 | D:1      | 706 ||| READING scroll labelled QYBUSI AHEN.
   822 | D:2      | Reached XP level 3. HP: 23/23 MP: 3/3
  1168 | D:2      | Reached skill level 1 in Throwing
  1247 | D:2      | Found Adyloali's Distillery.
  1254 | D:2      | 1254 ||| BUYING potion of attraction (36 gold).
  1254 | D:2      | Bought a potion of attraction for 36 gold pieces
  1254 | D:2      | 1254 ||| BUYING potion of curing (36 gold).
  1254 | D:2      | Bought a potion of curing for 36 gold pieces
  1254 | D:2      | 1254 ||| BUYING potion of curing (36 gold).
  1254 | D:2      | Bought a potion of curing for 36 gold pieces
  1254 | D:2      | 1254 ||| SHOPLISTING potion of heal wounds (60 gold, have
                  | 8).
  1396 | D:2      | 1396 ||| DROPPING +0 whip.
  1591 | D:2      | 1591 ||| UPGRADING to +2 pair of boots.
  1596 | D:2      | 1596 ||| DROPPING ring of wizardry.
  1597 | D:2      | 1597 ||| READING scroll labelled XENURAGIDGH.
  1598 | D:2      | 1598 ||| READING scroll labelled QUECLA YXKY.
  1742 | D:3      | Found a snail-covered altar of Cheibriados.
  1762 | D:3      | Reached XP level 4. HP: 27/28 MP: 4/4
  1968 | D:3      | 1968 ||| Stepping ~*~*~tactically~*~*~ (stealth).
  1983 | D:3      | 1983 ||| Stepping ~*~*~tactically~*~*~ (stealth).
  1988 | D:3      | 1988 ||| Stepping ~*~*~tactically~*~*~ (hiding).
  2225 | D:3      | Found a runed translucent door.
  2231 | D:3      | Noticed qw's ghost (weakling MiHu)
  2430 | D:3      | 2430 ||| READING scroll labelled XUIFIL PARHOWN.
  2431 | D:3      | 2431 ||| READING scroll labelled GIUDIDITORCHO.
  2566 | D:4      | Noticed a phantom
  2574 | D:4      | Found a glowing silver altar of Zin.
  2583 | D:4      | Killed a phantom
  2584 | D:4      | Reached skill level 4 in Axes
  2584 | D:4      | Reached XP level 5. HP: 20/32 MP: 5/5
  2632 | D:4      | 2632 ||| Stepping ~*~*~tactically~*~*~ (hiding).
  2644 | D:4      | 2644 ||| Stepping ~*~*~tactically~*~*~ (stealth).
  2646 | D:4      | 2646 ||| Stepping ~*~*~tactically~*~*~ (stealth).
  2647 | D:4      | 2647 ||| Stepping ~*~*~tactically~*~*~ (stealth).
  2682 | D:4      | 2682 ||| Stepping ~*~*~tactically~*~*~ (hiding).
  2692 | D:4      | Reached skill level 5 in Axes
  2726 | D:4      | 2726 ||| Stepping ~*~*~tactically~*~*~ (stealth).
  2734 | D:4      | Found a radiant altar of Vehumet.
  2735 | D:4      | 2735 ||| Stepping ~*~*~tactically~*~*~ (hiding).
  2749 | D:4      | 2749 ||| Stepping ~*~*~tactically~*~*~ (stealth).
  2753 | D:4      | 2753 ||| Stepping ~*~*~tactically~*~*~ (stealth).
  2854 | D:4      | 2854 ||| DROPPING +0 mace.
  2967 | D:4      | Found a runed translucent door.
  2973 | D:4      | Reached XP level 6. HP: 38/38 MP: 6/6
  2974 | D:4      | Noticed qw's ghost (amateur GrFi)
  2994 | D:4      | 2994 ||| Stepping ~*~*~tactically~*~*~ (hiding).
  2995 | D:4      | 2995 ||| Stepping ~*~*~tactically~*~*~ (hiding).
  3010 | D:4      | Reached skill level 1 in Dodging
  3168 | D:4      | Found a basalt altar of Yredelemnul.
  3297 | D:4      | 3297 ||| Stepping ~*~*~tactically~*~*~ (stealth).
  3298 | D:4      | 3298 ||| Stepping ~*~*~tactically~*~*~ (stealth).
  3300 | D:4      | 3300 ||| Stepping ~*~*~tactically~*~*~ (stealth).
  3301 | D:4      | 3301 ||| Stepping ~*~*~tactically~*~*~ (stealth).
  3360 | D:4      | 3360 ||| UPGRADING to +0 chain mail.
  3370 | D:4      | 3370 ||| DROPPING +0 scale mail.
  3371 | D:4      | 3371 ||| UPGRADING to +0 cloak.
  3376 | D:4      | 3376 ||| READING scroll labelled SAR RECENO.
  3377 | D:4      | 3377 ||| DRINKING 3 murky dark potions.
  3378 | D:4      | 3378 ||| DROPPING 2 potions of brilliance.
  3406 | D:5      | Entered Level 5 of the Dungeon
  3407 | D:5      | 3407 ||| PLANNING SEWER
  3427 | D:5      | Noticed an orc warrior
  3430 | D:5      | HP: 6/38 [orc warrior/+0 halberd (11)]
  3433 | D:5      | Slain by an orc

Levels and vault maps discovered:
D:1:      dpeg_arrival_arbitrary_a, layout_basic,
          dreamdust_ecumenical_altar_sealed_demon
D:2:      layout_basic, serial_shops, shop, grunt_decor_resistance
D:3:      layout_loops_corners, mainiacjoe_overflow_concentric_impassable,
          ebering_ghost_sewer_d
D:4:      layout_rooms, mainiacjoe_overflow_tiny_flanked, marbit_many_paths,
          vehumet_altar_wand_db, gammafunk_ghost_grave
D:5:      layout_gridville, gammafunk_temple_overflow_wave, old_standard_altar,
          cheibrodos_sewer_entry_bend, minivault_4, uniq_duvessa

Skill      XL: |  1  2  3  4  5  6 |
---------------+-------------------+-----
Axes           | 2 3 4 5 |  5.3
Throwing       | 1 |  1.0
Fighting       | 4 |  4.1
Dodging        | 1 |  1.1
Armour         | |  3.2
Shields        | |  3.2

Action                     |  1- 3 |  4- 6 || total
---------------------------+-------+-------++-------
  Melee: War axe           |    62 |   114 ||   176
  Throw: Javelin           |    23 |    17 ||    40
    Use: Scroll            |     3 |     3 ||     6
         Potion            |       |     1 ||     1
 Armour: Scale mail        |    32 |    56 ||    88
         Chain mail        |       |     9 ||     9
  Dodge: Dodged            |    20 |    49 ||    69
  Block: Buckler           |    11 |    19 ||    30

Table legend:
 A = Non-vault XP
 B = Vault XP
 C = Vault XP percentage of total XP
 D = Non-vault monster count
 E = Vault monster count
 F = Vault count percentage of total count
                 A         B        C        D         E       F
            +---------+---------+-------+---------+---------+-------
      Total |     463 |       2 |   0.4 |      67 |       2 |   2.9
            +---------+---------+-------+---------+---------+-------
        D:1 |      32 |       0 |   0.0 |      18 |       0 |   0.0
        D:2 |      49 |       0 |   0.0 |      14 |       0 |   0.0
        D:3 |      36 |       0 |   0.0 |       8 |       0 |   0.0
        D:4 |     332 |       2 |   0.6 |      26 |       2 |   7.1
        D:5 |      14 |       0 |   0.0 |       1 |       0 |   0.0
            +---------+---------+-------+---------+---------+-------
